 Dungeon Crawl Stone Soup version 0.27.1-35-g4d5d836560 (webtiles) character file.

Game seed: 16586558918019944143

40583 Delamore the Covert (level 14, -3/99 HPs)
             Began as an Octopode Brigand on May 17, 2022.
             Was an Initiate of Gozag.
             Slain by a tyrant leech (34 damage)
             ... on level 4 of the Lair of Beasts.
             The game lasted 00:37:57 (28318 turns).

Delamore the Covert (Octopode Brigand)             Turns: 28318, Time: 00:37:58

Health: -3/99      AC:  1    Str: 11    XL:     14   Next: 11%
Magic:  23/23      EV: 18    Int: 13    God:    Gozag
Gold:   1783       SH: 12    Dex: 18    Spells: 13/13 levels left

rFire    + + +     SeeInvis +   c - +9 quick blade (flame)
rCold    . . .     Faith    .   x - +0 buckler
rNeg     + . .     Spirit   .   (helmet restricted)
rPois    .         Reflect  +   A - amulet of reflection
rElec    .         Harm     .   p - ring of magical power
rCorr    .         Rampage  .   r - ring of protection from fire
Will     ++...                  w - ring of flight
Stlth    +++++++...             G - ring of willpower
HPRegen  0.26/turn              z - ring "Sienguv" {rN+ Slay+3 SInv}
MPRegen  0.18/turn              P - ring of protection from fire
                                W - ring of protection from fire
                                (no ring)

@: gold aura, flying
A: almost no armour, amphibious, 8 rings, camouflage 1, gelatinous body 1,
(nimble swimmer 1), tentacles
a: Renounce Religion, Potion Petition, Call Merchant, Bribe Branch


You were on level 4 of the Lair of Beasts.
You worshipped Gozag.
Gozag was most pleased with you.
You visited 4 branches of the dungeon, and saw 18 of its levels.
You also visited: Ice Cave.

You collected 6685 gold pieces.
You spent 2177 gold pieces at shops.
You paid 2725 gold pieces to Gozag.

Inventory:

Hand Weapons
 c - a +9 quick blade of flaming (weapon)
 E - a +3 quick blade of chaos
Missiles
 h - 359 stones
 t - 46 poisoned darts
 y - 10 boomerangs
 D - 3 datura-tipped darts (quivered)
 I - 2 javelins
 R - 4 atropa-tipped darts
Armour
 x - a +0 buckler (worn)
 V - a +0 kite shield
Jewellery
 j - a ring of ice
 p - a ring of magical power (left tentacle)
 r - a ring of protection from fire (right tentacle)
 w - a ring of flight (on tentacle)
 z - the ring "Sienguv" (on tentacle) {rN+ Slay+3 SInv}
   (You bought it in a shop on level 2 of the Orcish Mines)

   [ring of see invisible]

   Slay:      It affects your accuracy & damage with ranged weapons and melee
   (+3).
   rN:        It protects you from negative energy.
   SInv:      It lets you see invisible.
 A - an amulet of reflection (around mantle)
 G - a ring of willpower (on tentacle)
 P - a ring of protection from fire (on tentacle)
 S - the ring "Hiwyes" {Fly rCorr MP+9 Str-4 Int+3}
   (You found it on level 2 of the Lair of Beasts)

   [ring of flight]

   Str:       It affects your strength (-4).
   Int:       It affects your intelligence (+3).
   MP:        It affects your magic capacity (+9).
   Fly:       It grants you flight.
   rCorr:     It protects you from acid and corrosion.
 W - a ring of protection from fire (on tentacle)
Wands
 F - a wand of flame (61)
 H - a wand of charming (4)
 K - a wand of digging (3)
 L - a wand of polymorph (6)
 U - a wand of acid (14)
Scrolls
 a - 3 scrolls of magic mapping
 b - a scroll of silence
 e - 4 scrolls of blinking
 g - 5 scrolls of enchant armour
 k - 3 scrolls of amnesia
 v - a scroll of vulnerability {unknown}
 B - 2 scrolls of teleportation
 J - a scroll of fog
 N - 2 scrolls of fear
Potions
 d - 2 potions of brilliance
 f - a potion of ambrosia
 i - 7 potions of curing
 l - a potion of resistance
 m - 4 potions of heal wounds
 n - 2 potions of might
 o - 2 potions of lignification
 q - 4 potions of flight
 s - 2 potions of magic
 u - a potion of mutation {unknown}
 C - a potion of degeneration {unknown}
 O - a potion of haste
 Q - a potion of cancellation
 T - a potion of berserk rage {unknown}
Miscellaneous
 M - a phial of floods


   Skills:
 - Level 10.0 Fighting
 - Level 11.4 Short Blades
 + Level 8.3 Throwing
 + Level 8.3 Dodging
 + Level 13.1 Stealth
 - Level 8.9 Shields
 - Level 10.0 Evocations


You had 13 spell levels left.
You didn't know any spells.
Your spell library contained the following spells:

 Spells                   Type           Power      Damage    Failure   Level
 Freeze                   Ice            0%         1d3       30%         1
 Magic Dart               Conj           0%         1d3       30%         1
 Sandblast                Erth           0%         2d4       30%         1
 Passwall                 Tmut/Erth      0%         N/A       43%         2
 Searing Ray              Conj           0%         3d3       43%         2
 Frozen Ramparts          Ice            0%         1d2       67%         3
 Fulminant Prism          Conj/Hex       0%         3d6       97%         4
 Hailstorm                Conj/Ice       0%         3d3       97%         4
 Leda's Liquefaction      Hex/Erth       0%         N/A       97%         4
 Bolt of Magma            Conj/Fire/Erth 0%         4d4       100%        5
 Lee's Rapid Deconstruct  Erth           0%         3d5*      100%        5
 Statue Form              Tmut/Erth      0%         N/A       100%        6


Dungeon Overview and Level Annotations

Branches:
Dungeon (11/15)            Temple (1/1) D:6            Lair (4/6) D:9
  Swamp (0/4) Lair:4       Spider (0/4) Lair:3          Orc (2/2) D:10
    Elf (0/3) Orc:2         IceCv (visited)

Altars:
Ashenzari
Cheibriados
Dithmenos
Gozag
Okawaru
Ru
Trog
Wu Jian
The Shining One
Beogh

Shops:
D:7 ?   D:8 *   D:10 ?[([=!   Orc:2 (*(!

Annotations:
D:3 2 transporters, Sapher's ghost, weakling DjWr
Lair:2 exclusion: oklob plant


Innate Abilities, Weirdness & Mutations

You cannot wear most types of armour.
You are amphibious.
You can wear up to eight rings at the same time.
Your skin changes colour to match your surroundings (Stealth+).
Your rubbery body absorbs attacks. (AC +1, EV +1)
((You are camouflaged near water. (Stealth+)))
You have tentacles for arms and can constrict up to eight enemies at once.


Message History

You hit the tyrant leech. You burn the tyrant leech.
You squeeze the tyrant leech, but do no damage.
The tyrant leech is moderately wounded.
You hit the tyrant leech. You burn the tyrant leech.
The tyrant leech is moderately wounded.
The tyrant leech closely misses you.
You hit the tyrant leech. You burn the tyrant leech.
The tyrant leech is moderately wounded.
You hit the tyrant leech. You burn the tyrant leech.
Your squeeze misses the tyrant leech.
The tyrant leech is heavily wounded.
You closely miss the tyrant leech.
The tyrant leech is heavily wounded.
You closely miss the tyrant leech. Your squeeze misses the tyrant leech.
The tyrant leech is heavily wounded.
You swing at nothing.
You barely miss the tyrant leech.
The tyrant leech is heavily wounded.
You barely miss the tyrant leech.
The tyrant leech is heavily wounded.
You closely miss the basilisk. Your grab misses the basilisk.
You squeeze the basilisk!
The basilisk is moderately wounded.
You hit the basilisk. You burn the basilisk. You grab the basilisk.
You squeeze the basilisk!
The basilisk is severely wounded.
You constrict the basilisk. The basilisk bites you!
You block the tyrant leech's attack.
You hit the basilisk. You burn the basilisk. You squeeze the basilisk.
You kill the basilisk!
You hit the tyrant leech but do no damage.
The tyrant leech is heavily wounded.
You puncture the tyrant leech! You burn the tyrant leech.
Your squeeze misses the tyrant leech.
The tyrant leech is severely wounded.
You hit the tyrant leech. You burn the tyrant leech.
The tyrant leech is severely wounded.
The tyrant leech bites you!!
You die...
Your body crumbles into a pile of gold.

##### ####.#.# #
#....$(# ###.
##..♣♣.♣♣
....########w♣♣§l§♣
##..#P..#.w@♣§§§§♣
#P..>.......♣♣≈§≈≈♣
##.....#....♣♣§§§≈♣
..
....#...##.##♣♣≈≈≈♣♣
...... #....###
♣♣♣♣♣ ...#. ##...##
##..> #....####
#....##....#..#
###.....#....###


You could see 2 tyrant leeches.

Vanquished Creatures
  Snorg (Orc:1)
  Erolcha (Orc:2)
  2 hydras (Lair:2)
  An ironbound frostheart (IceCv)
  A two-headed ogre (D:9)
  5 death yaks (IceCv)
  An orc high priest (Orc:2)
  Nergalle (Lair:1)
  Pikel (D:7)
  An orc knight (Orc:1)
  An ugly thing (D:8)
  7 orc sorcerers
  A centaur zombie (D:10)
  A black mamba (Lair:3)
  An ice statue (IceCv)
  7 cane toads
  Maggie (D:8)
  4 komodo dragons
  6 rime drakes
  6 polar bears (IceCv)
  6 trolls
  A tyrant leech (Lair:4)
  A hornet (D:8)
  4 blink frogs (Lair:2)
  A wyvern (D:9)
  48 yaks
  A wraith (D:10)
  2 steam dragons
  2 basilisks
  Menkaure (D:7)
  A warg (Orc:1)
  Duvessa (D:6)
  7 water moccasins
  24 orc warriors
  5 black bears
  2 necrophages
  2 ice beasts (D:6)
  A hornet zombie (D:7)
  8 ogres
  26 wolves
  3 centaurs
  A phantom (D:6)
  3 kobold brigands
  6 bullfrogs
  Dowan (D:6)
  2 water moccasin skeletons
  5 wights (D:9)
  6 killer bees
  2 electric eels (Lair:1)
  A howler monkey (D:4)
  3 hounds
  3 jellies
  20 orc priests
  A bullfrog skeleton (D:5)
  Jessica (D:3)
  2 centaur skeletons
  5 iguanas
  37 orc wizards
  7 hell rats (Lair:3)
  A hound skeleton (D:5)
  A howler monkey zombie (D:6)
  6 adders
  An ufetubus (D:5)
  3 worms
  3 dart slugs
  74 orcs
  5 bats
  8 endoplasms
  5 giant cockroaches
  6 goblins
  9 hobgoblins
  5 jackals
  2 quokkas
  6 ball pythons
  6 frilled lizards
  17 kobolds
  5 rats
466 creatures vanquished.

Vanquished Creatures (collateral kills)
  A bullfrog (D:8)
  An orc priest (D:8)
  An orc wizard (D:8)
  An orc (D:8)
4 creatures vanquished.

Vanquished Creatures (others)
  An ironbound frostheart (IceCv)
  4 polar bears (IceCv)
  2 yaks (IceCv)
  2 wolves (IceCv)
  An orc wizard (D:8)
  6 fungi
  24 plants
40 creatures vanquished.

Grand Total: 510 creatures vanquished

Notes
Turn   | Place    | Note
-------+----------+-------------------------------------------
     0 | D:1      | Delamore the Octopode Brigand began the quest for the Orb.
     0 | D:1      | Reached XP level 1. HP: 14/14 MP: 1/1
   224 | D:1      | Reached XP level 2. HP: 5/19 MP: 2/2
  1084 | D:2      | Reached XP level 3. HP: 21/24 MP: 3/3
  2201 | D:3      | Noticed Jessica
  2205 | D:3      | Killed Jessica
  2206 | D:3      | Reached XP level 4. HP: 29/29 MP: 4/4
  2327 | D:3      | Found a transporter.
  2329 | D:3      | Found a transporter.
  2329 | D:3      | Identified the +0 great mace of Melee {vorpal, rF++ Str+4}
  2329 | D:3      | Noticed an ogre
  2329 | D:3      | Noticed Sapher's ghost (weakling DjWr)
  2331 | D:3      | Noticed an ogre
  2663 | D:3      | Noticed an ogre
  3204 | D:4      | Noticed a necrophage
  3399 | D:4      | Killed a necrophage
  3400 | D:4      | Reached XP level 5. HP: 22/34 MP: 5/5
  3546 | D:4      | Reached skill level 5 in Short Blades
  3746 | D:4      | Reached XP level 6. HP: 39/39 MP: 6/6
  4048 | D:5      | Entered Level 5 of the Dungeon
  4048 | D:5      | Noticed a black bear
  4050 | D:5      | Killed a black bear
  4065 | D:5      | Reached XP level 7. HP: 16/45 MP: 7/7
  4486 | D:5      | Reached skill level 5 in Throwing
  4991 | D:5      | Reached XP level 8. HP: 36/50 MP: 8/8
  5269 | D:5      | Found an opulent altar of Gozag.
  5276 | D:5      | Became a worshipper of Gozag Ym Sagoz the Greedy
  5719 | D:6      | Noticed Dowan
  5735 | D:6      | Reached skill level 1 in Shields
  5735 | D:6      | Noticed Duvessa
  6140 | D:5      | HP: 2/50 [poisoned by Duvessa]
  8446 | D:6      | Reached XP level 9. HP: 29/54 MP: 9/9
  9353 | D:6      | Found a staircase to the Ecumenical Temple.
  9356 | Temple   | Entered the Ecumenical Temple
  9824 | D:6      | Found a snail-covered altar of Cheibriados.
  9833 | D:6      | Found an ornate altar of the Wu Jian Council.
  9911 | D:6      | Reached skill level 10 in Short Blades
 10138 | D:6      | Killed Duvessa
 10150 | D:6      | Killed Dowan
 10829 | D:7      | Found Sesoask's Magic Scroll Shoppe.
 11082 | D:7      | Noticed Pikel
 11097 | D:7      | Killed Pikel
 11098 | D:7      | Reached skill level 5 in Fighting
 11098 | D:7      | Reached XP level 10. HP: 49/66 MP: 10/10
 11202 | D:7      | Reached skill level 5 in Dodging
 11320 | D:7      | Found a broken altar of Ashenzari.
 11549 | D:7      | Noticed Menkaure
 11561 | D:7      | Killed Menkaure
 12492 | D:7      | Reached skill level 6 in Stealth
 12685 | D:8      | Noticed a brown ugly thing
 12721 | D:8      | Killed a brown ugly thing
 13019 | D:8      | Reached skill level 7 in Stealth
 13142 | D:8      | Noticed Maggie
 13149 | D:8      | Killed Maggie
 13379 | D:7      | Bought a scroll of acquirement for 676 gold pieces
 13379 | D:7      | Acquired a +8 quick blade
 13386 | D:7      | Bought a scroll of teleportation for 39 gold pieces
 13423 | D:9      | Noticed a fire dragon
 13423 | D:9      | Found a staircase to the Lair.
 13507 | D:9      | Reached skill level 8 in Stealth
 13541 | D:9      | Reached skill level 1 in Evocations
 14081 | D:9      | Noticed a two-headed ogre
 14118 | D:9      | Killed a two-headed ogre
 14119 | D:9      | Reached skill level 5 in Shields
 14119 | D:9      | Reached XP level 11. HP: 40/72 MP: 11/11
 14366 | D:10     | Entered Level 10 of the Dungeon
 14366 | D:10     | Found a staircase to the Orcish Mines.
 14370 | D:10     | Reached skill level 9 in Stealth
 14882 | D:10     | Found Vupp's Armour Emporium.
 14921 | D:10     | Found Xaughupt's Jewellery Emporium.
 15158 | D:10     | Found Dyhogud's Distillery.
 15347 | D:10     | Found Locathrir's Weapon Emporium.
 16244 | D:10     | Bought a potion of curing for 36 gold pieces
 16244 | D:10     | Bought a potion of curing for 36 gold pieces
 16244 | D:10     | Bought a potion of curing for 36 gold pieces
 16478 | D:11     | Acquired 1239 gold pieces
 16486 | D:10     | Bought a scroll of brand weapon for 340 gold pieces
 16486 | D:10     | Bought a scroll of noise for 17 gold pieces
 16521 | Orc:1    | Entered Level 1 of the Orcish Mines
 16528 | Orc:1    | Reached skill level 10 in Stealth
 16602 | Orc:1    | Reached skill level 5 in Evocations
 16604 | Orc:1    | Found a frozen archway.
 16754 | IceCv    | Entered an ice cave
 17254 | IceCv    | Reached XP level 12. HP: 66/82 MP: 12/12
 18147 | IceCv    | Noticed a death yak
 18150 | IceCv    | Noticed a death yak
 18154 | IceCv    | Noticed a death yak
 18184 | IceCv    | Killed a death yak
 18218 | IceCv    | Killed a death yak
 18238 | IceCv    | Killed a death yak
 18468 | IceCv    | Noticed a death yak
 18468 | IceCv    | Noticed an ironbound frostheart
 18468 | IceCv    | Noticed an ironbound frostheart
 18471 | IceCv    | Noticed a death yak
 18474 | IceCv    | Killed an ironbound frostheart
 18474 | IceCv    | Killed a death yak
 18667 | IceCv    | Killed a death yak
 18671 | IceCv    | Killed an ironbound frostheart
 18722 | IceCv    | Acquired a +2 quick blade
 20150 | Orc:1    | Noticed Snorg
 20491 | Orc:1    | Killed Snorg
 20900 | Orc:1    | Reached XP level 13. HP: 90/90 MP: 13/13
 20963 | Orc:2    | Entered Level 2 of the Orcish Mines
 21915 | Orc:2    | Found a staircase to the Elven Halls.
 22193 | Orc:2    | Reached skill level 11 in Stealth
 22255 | Orc:2    | Reached skill level 10 in Fighting
 22391 | Orc:2    | Found Wiethrudi's Weapon Shop.
 22392 | Orc:2    | Found Mailaplu's Distillery.
 22393 | Orc:2    | Found Rueclac's General Store.
 22399 | Orc:2    | Found Gyosteo's Weapon Boutique.
 22436 | Orc:2    | Noticed Erolcha
 22744 | Orc:2    | Killed Erolcha
 23263 | Orc:2    | Found an iron altar of Okawaru.
 23931 | Orc:2    | Bought the ring "Sienguv" {rN+ Slay+3 SInv} for 504 gold
                  | pieces
 23931 | Orc:2    | Bought a scroll of fear for 45 gold pieces
 23931 | Orc:2    | Bought a potion of curing for 39 gold pieces
 23933 | Orc:2    | Bought a scroll of silence for 97 gold pieces
 24038 | D:10     | Bought a potion of haste for 120 gold pieces
 24038 | D:10     | Bought a potion of invisibility for 96 gold pieces
 24038 | D:10     | Bought a potion of cancellation for 96 gold pieces
 24378 | Lair:1   | Entered Level 1 of the Lair of Beasts
 24413 | Lair:1   | Noticed Nergalle
 24420 | Lair:1   | Killed Nergalle
 24633 | Lair:1   | Reached skill level 10 in Evocations
 25554 | Lair:2   | Identified the ring "Hiwyes" {Fly rCorr MP+9 Str-4 Int+3}
 25570 | Lair:2   | Reached skill level 12 in Stealth
 27532 | Lair:3   | Reached XP level 14. HP: 96/99 MP: 14/14
 27752 | Lair:3   | Reached skill level 13 in Stealth
 27824 | Lair:3   | Found a hole to the Spider Nest.
 28270 | Lair:4   | Found a staircase to the Swamp.
 28318 | Lair:4   | Slain by a tyrant leech

Illustrated notes

Levels and vault maps discovered:
D:1:      dpeg_arrival_round_b, layout_rooms
D:2:      layout_loops_corners, serial_aquarium, aquarium_bridge_island_small
          [aquarium_subvault_small_water, aquarium_subvault_balcony,
          aquarium_subvault_bridge, aquarium_subvault_wall,
          aquarium_subvault_balcony], aquarium_window_1, aquarium_window_corner,
          aquarium_window_fake, aquarium_view_2e, aquarium_view_2g,
          aquarium_balcony_1a, aquarium_pool_side, kennysheep_generic_room_3
D:3:      wander_river, layout_basic, gammafunk_ghost_smash,
          columned_hall_lemuel, uniq_jessica
D:4:      layout_cave_pods, minivault_23
D:5:      layout_loops_ring, mainiacjoe_overflow_alcove_2
D:6:      layout_loops_ring, mainiacjoe_overflow_swirl,
          minmay_temple_entry_statues_pillars, minmay_crossroads, uniq_duvessa
D:7:      layout_loops_corners, mainiacjoe_overflow_24_doors, serial_shops,
          nicolae_square_shop, kennysheep_generic_room_14, uniq_menkaure,
          uniq_pikel
D:8:      layout_cave_pools, uniq_maggie
D:9:      layout_basic, minmay_lair_entry_lava
D:10:     layout_roguey, orc_0_dummy, serial_shops, nicolae_stop_n_shop_1, shop,
          shop_fountains, nicolae_shop_temple_entry_statues_fountains,
          minmay_misc_feat_doors
D:11:     layout_roguey, nicolae_trove_entry_path_of_doom,
          nicolae_dithmenos_shadow_blocks, uniq_fannar
Temple:   hc_temple_tempest_star
Lair:1:   layout_chaotic_city, serial_bayou_lagoon_b, serial_bayou_shore_b,
          uniq_nergalle
Lair:2:   layout_regular_city, hangedman_lair_unloving_vines, grunt_megastairs_5
Lair:3:   layout_roguey, spider_nest_entry_a, serial_bayou_pond_e
Lair:4:   nzn_winding_woodlands_medium [nzn_winding_woodlands_5x5_closed_star,
          nzn_winding_woodlands_5x15_parted, nzn_winding_woodlands_5x5_three,
          nzn_winding_woodlands_hourglass, nzn_winding_woodlands_center_garden,
          nzn_winding_woodlands_5x5_checkerboard,
          nzn_winding_woodlands_5x5_open_star, nzn_winding_woodlands_5x15_pool,
          nzn_winding_woodlands_5x5_perimeter], layout_loops_ring,
          minmay_swamp_entry_worms, ice2_lemuel
Orc:1:    cheibrodos_orc_bank, layout_diamond_mine, basic_altar,
          portal_ice_cave_rime, uniq_snorg
Orc:2:    st_orc_mages, layout_caves, okawaru_metal_pillars_3, uniq_erolcha

Skill      XL: |  1  2  3  4  5  6  7  8  9 10 11 12 13 14 |
---------------+-------------------------------------------+-----
Short Blades   | 3 4 5 6 7 9 10 11 | 11.4
Throwing       | 3 4 5 6 7 8 |  8.3
Shields        | 3 4 5 7 8 |  8.9
Dodging        | 4 5 7 8 |  8.3
Fighting       | 5 7 9 10 | 10.0
Stealth        | 8 10 12 13 | 13.1
Evocations     | 2 6 8 10 | 10.0

Action                   |  1- 3 |  4- 6 |  7- 9 | 10-12 | 13-15 || total
-------------------------+-------+-------+-------+-------+-------++-------
Melee: Dagger            |    54 |    62 |   243 |       |       ||   359
       Tentacles         |     5 |    15 |    74 |   157 |   137 ||   388
       Constrict         |     9 |     9 |    43 |    60 |    78 ||   199
       Short sword       |       |       |    46 |    88 |       ||   134
       Quick blade       |       |       |       |   555 |   561 ||  1116
Throw: Dart              |    10 |     3 |    50 |    86 |     1 ||   150
       Stone             |       |    17 |    38 |    11 |    29 ||    95
       Boomerang         |       |       |     8 |    38 |    80 ||   126
       Javelin           |       |       |       |     1 |     2 ||     3
Invok: Potion Petition   |       |       |     1 |       |       ||     1
       Call Merchant     |       |       |       |     2 |     1 ||     3
Evoke: Wand              |       |       |       |     3 |       ||     3
       Phial of floods   |       |       |       |       |     1 ||     1
  Use: Scroll            |     2 |     3 |     4 |    12 |     7 ||    28
       Potion            |       |       |     2 |     1 |     1 ||     4
 Stab: Sleeping          |    14 |     8 |     4 |    20 |    23 ||    69
       Distracted        |       |       |       |     4 |     2 ||     6
Armor: Skin              |       |     2 |     3 |     4 |     4 ||    13
Dodge: Dodged            |    23 |    26 |    86 |   117 |    89 ||   341
Block: Buckler           |       |       |    72 |   135 |    88 ||   295
       Reflection        |       |       |     1 |     6 |     3 ||    10
